Map: Abyssal Reef LE

Players

Spawn - Winner!

  • Race: Protoss Protoss
  • League: Platinum
  • Spawn Location: 5:00

BummBumm

  • Race: Terran Terran
  • League: Platinum
  • Spawn Location: 11:00

VOD

Have the link to the VOD?

Description

Time

  • Played on: Jan. 12, 2018, 2:23 p.m.
  • Length: 16:35
Show
View Real Time Build Order
Export as new Build Order

Spawn Protoss - Winner!

Build Orders: 1 Gate Expand 

Get SALT Encoding   

  12  0:01  Probe  
  13  0:13  Probe  
  14  0:18  Pylon  
  14  0:25  Probe  
  15  0:36  Gateway  
  15  0:39  Probe (Chrono Boost)  
  16  0:46  Assimilator  
  16  0:51  Probe (Chrono Boost)  
  17  0:58  Probe (Chrono Boost)  
  18  1:10  Probe  
  19  1:24  Cybernetics Core  
  19  1:27  Probe  
  20  1:43  Nexus  
  20  1:46  Probe  
  21  1:56  Pylon  
  21  1:59  Probe  
  21  2:03  Stalker  
  23  2:09  Warp Gate  
  23  2:17  Pylon  
  23  2:34  Stalker (Chrono Boost)  
  25  2:37  Forge  
  25  2:49  Assimilator  
  25  2:55  Stalker (Chrono Boost), Probe (Chrono Boost)  
  28  2:59  Pylon  
  28  3:04  Probe (Chrono Boost)  
  29  3:07  Probe (Chrono Boost)  
  31  3:14  Probe (Chrono Boost)  
  31  3:15  Probe (Chrono Boost)  
  31  3:19  Probe (Chrono Boost)  
  32  3:21  Probe  
  34  3:30  Probe  
  34  3:33  Probe  
  36  3:42  Probe  
  36  3:45  Probe  
  36  3:46  Stalker  
  40  3:54  Probe, Gateway  
  41  3:56  Gateway  
  41  3:57  Probe  
  42  4:04  Protoss Ground Weapons Level 1 (Chrono Boost)  
  42  4:05  Gateway  
  42  4:06  Probe  
  43  4:13  Twilight Council  
  41  4:27  Probe  
  41  4:28  Probe  
  43  4:34  Assimilator  
  43  4:36  Assimilator  
  43  4:37  Gateway  
  43  4:39  Gateway  
  43  4:40  Probe  
  44  4:53  Robotics Facility  
  44  4:57  Probe x2  
  46  5:03  Sentry x2  
  50  5:09  Stalker, Probe x2  
  54  5:17  Shield Battery  
  54  5:18  Shield Battery  
  54  5:22  Charge (Chrono Boost)  
  54  5:29  Pylon  
  54  5:32  Pylon x2  
  54  5:47  Probe x2, Observer  
  57  5:53  Protoss Ground Armor Level 1 (Chrono Boost), Pylon  
  57  5:54  Forge  
  57  5:55  Stalker x2  
  57  5:56  Stalker  
  63  5:59  Probe  
  63  6:01  Stalker  
  66  6:09  Observer  
  67  6:23  Robotics Bay  
  67  6:29  Nexus  
  67  6:30  Pylon  
  67  6:32  Protoss Ground Weapons Level 2 (Chrono Boost)  
  67  6:40  Immortal (Chrono Boost)  
  71  6:55  Gateway  
  71  6:57  Gateway  
  71  7:02  Zealot x2  
  71  7:03  Zealot x3  
  73  7:25  Stalker x4  
  73  7:40  Stalker  
  75  7:48  Nexus  
  75  7:52  Pylon  
  75  7:54  Warp Prism (Chrono Boost), Protoss Ground Armor Level 2  
  59  8:27  Zealot  
  59  8:28  Zealot x4  
  59  8:31  Colossus (Chrono Boost)  
  69  8:35  Dark Shrine  
  69  8:37  Extended Thermal Lance (Chrono Boost)  
  75  8:52  Photon Cannon  
  75  8:53  Photon Cannon  
  75  8:56  Shield Battery  
  75  9:02  Stalker  
  77  9:04  Zealot  
  77  9:06  Probe  
  77  9:08  Probe  
  81  9:11  Probe  
  82  9:18  Probe  
  82  9:20  Probe  
  84  9:33  Probe x3  
  87  9:45  Probe x3  
  88  9:47  Dark Templar x3  
  96  10:00  Probe x3, Colossus (Chrono Boost)  
  105  10:11  Pylon  
  105  10:12  Probe  
  104  10:21  Protoss Ground Weapons Level 3 (Chrono Boost)  
  101  10:40  Zealot  
  101  10:41  Zealot x3  
  101  10:42  Zealot  
  109  10:48  Gateway  
  109  10:51  Gateway  
  109  10:52  Gateway  
  109  10:55  Gateway  
  109  11:06  Nexus, Colossus (Chrono Boost)  
  109  11:08  Pylon  
  115  11:13  Protoss Ground Armor Level 3 (Chrono Boost)  
  115  11:24  Zealot x2  
  115  11:25  Zealot  
  121  11:27  Zealot  
  123  11:34  Shield Battery  
  123  11:37  Zealot x2  
  127  11:45  Templar Archives  
  127  11:47  Dark Templar x2  
  127  11:50  Dark Templar  
  86  12:13  Dark Templar  
  86  12:14  Dark Templar x3  
  86  12:23  Zealot x4  
  86  12:24  Zealot x2  
  85  12:31  Zealot  
  70  12:46  Zealot  
  70  12:47  Zealot x4  
  70  12:48  Zealot x3  
  82  13:12  Nexus  
  80  13:15  High Templar x4  
  80  13:16  High Templar x4  
  96  13:24  Psionic Storm  
  96  13:26  Zealot x2  
  96  13:27  Zealot  
  102  13:50  Archon  
  102  13:53  Archon  
  102  13:59  Zealot x3  
  102  14:00  Zealot x6  
  102  14:01  Zealot x2  
  124  14:08  Pylon  
  124  14:09  Pylon  
  124  14:12  Pylon  
  124  14:13  Probe  
  125  14:24  Probe  
  126  14:27  Pylon  
  126  14:28  Pylon  
  126  14:31  Pylon  
  126  14:33  Zealot x2  
  126  14:35  High Templar  
  126  14:37  Protoss Shields Level 1 (Chrono Boost)  
  132  14:48  Assimilator  
  132  14:49  Probe x3  
  132  14:51  Probe, Assimilator  
  136  14:55  Shield Battery  
  136  14:57  Shield Battery  
  136  15:01  Zealot x2  
  140  15:07  Zealot x2  
  140  15:10  Observer (Chrono Boost)  
  145  15:14  Zealot x2  
  145  15:19  Zealot  
  145  15:20  Zealot  
  153  15:24  Observer (Chrono Boost)  
  154  15:28  Zealot  
  154  15:29  Zealot x3  
  162  15:40  Nexus  
  162  15:43  Observer  
  162  15:47  Assimilator  
  163  15:50  Assimilator  
  163  15:51  Zealot x2  
  163  15:52  Zealot  
  163  15:56  Pylon  
  169  15:59  Pylon  
  125  16:17  Zealot  
  125  16:18  Zealot x6  
Show
View Real Time Build Order
Export as new Build Order

BummBumm Terran 

Build Orders: MMM Bio 

Get SALT Encoding   

  12  0:00  SCV  
  13  0:13  SCV  
  14  0:18  Supply Depot  
  14  0:25  SCV  
  14  0:28  Refinery  
  15  0:40  SCV  
  16  0:46  Barracks  
  16  0:52  SCV  
  17  1:04  SCV  
  18  1:16  SCV  
  19  1:28  SCV  
  20  1:34  Reaper  
  21  1:40  Orbital Command  
  21  2:01  Command Center  
  21  2:06  SCV  
  22  2:14  Barracks Reactor  
  22  2:15  Supply Depot  
  22  2:18  SCV  
  22  2:20  Factory  
  23  2:37  Refinery  
  23  2:41  SCV  
  24  2:52  Barracks  
  24  2:53  SCV, Marine x2  
  27  3:03  Factory Tech Lab  
  27  3:06  Starport  
  27  3:07  SCV  
  28  3:13  Marine x2  
  31  3:20  Bunker, SCV  
  31  3:22  Orbital Command  
  30  3:40  Marine x2  
  29  3:41  Siege Tank  
  29  3:44  Barracks Tech Lab  
  29  3:47  Medivac  
  33  3:48  SCV  
  33  3:49  SCV  
  35  4:01  Marine x2  
  37  4:03  SCV  
  37  4:06  Barracks, Stimpack  
  38  4:22  SCV  
  38  4:30  SCV  
  39  4:35  SCV  
  39  4:37  Barracks  
  40  4:42  SCV  
  40  4:44  Medivac  
  43  4:47  SCV  
  44  4:53  Supply Depot  
  44  4:54  SCV  
  44  4:58  Marine  
  46  5:01  Supply Depot  
  46  5:03  Barracks Tech Lab  
  46  5:06  Factory Reactor  
  46  5:10  Supply Depot  
  46  5:13  Engineering Bay  
  46  5:15  SCV x2, Marine x2  
  46  5:16  Marine  
  51  5:22  Combat Shields  
  51  5:27  SCV x2  
  53  5:31  Supply Depot  
  53  5:35  Marine x2  
  56  5:39  Marauder, SCV x2  
  59  5:46  Widow Mine x2  
  63  5:51  SCV  
  63  5:53  Marauder  
  63  5:55  Marine x2  
  68  5:58  Starport Reactor  
  68  6:00  SCV  
  68  6:01  Marauder  
  68  6:02  Supply Depot  
  68  6:03  Supply Depot, SCV  
  72  6:05  Supply Depot  
  72  6:09  Terran Infantry Weapons Level 1  
  72  6:11  Widow Mine x2  
  76  6:12  SCV  
  76  6:15  Marine  
  78  6:24  Marauder, Marine  
  81  6:51  Command Center  
  81  6:55  Marine  
  81  6:56  Marauder x2, Marine  
  81  6:58  Barracks, Medivac x2  
  81  7:00  Barracks  
  91  7:13  Marine  
  90  7:17  Marauder  
  75  7:36  Marine x2  
  75  7:37  Marauder  
  74  7:39  Marauder  
  74  7:43  Refinery  
  76  7:45  Refinery  
  76  7:49  Barracks  
  76  7:51  Barracks  
  76  7:53  Barracks  
  76  7:54  Barracks Tech Lab, Marine  
  76  7:58  Marauder  
  79  7:59  SCV x2  
  79  8:00  Ghost Academy  
  79  8:05  Orbital Command  
  81  8:10  Engineering Bay  
  81  8:11  Armory, SCV x2  
  81  8:12  Terran Infantry Armor Level 1  
  71  8:23  SCV  
  70  8:29  Orbital Command  
  70  8:42  Barracks Tech Lab, Barracks Reactor x2  
  70  8:44  Concussive Shells  
  70  8:45  Marine x3  
  70  8:46  Marauder x3  
  79  8:56  SCV x3  
  79  8:59  Marine  
  83  9:03  Marine x3  
  83  9:05  Ghost  
  83  9:06  Ghost x2  
  83  9:08  SCV x2  
  83  9:09  SCV  
  95  9:12  Refinery  
  95  9:17  Supply Depot x2, Terran Infantry Weapons Level 2  
  95  9:18  Supply Depot  
  95  9:19  Marine  
  95  9:20  SCV x2, Marine x5  
  95  9:21  SCV, Marine x3  
  107  9:34  Marine  
  108  9:38  Refinery  
  108  9:40  Sensor Tower  
  108  9:41  SCV x3  
  111  9:47  Missile Turret  
  111  9:50  Missile Turret  
  111  9:53  SCV, Ghost x2  
  111  9:55  Marine x10  
  111  9:58  Missile Turret  
  126  10:00  SCV  
  126  10:01  SCV  
  128  10:10  Supply Depot x2  
  128  10:13  Marine x3  
  128  10:14  Marauder  
  133  10:20  Missile Turret  
  123  10:46  Ghost x3  
  123  10:47  Ghost  
  123  10:48  Marine x8  
  123  10:49  Medivac  
  141  10:56  Starport  
  142  10:57  SCV x2  
  143  11:05  Marine x2  
  143  11:06  Marine x2  
  147  11:15  Ghost  
  148  11:23  SCV x3  
  148  11:25  Supply Depot  
  151  11:29  Supply Depot  
  151  11:30  Supply Depot x2  
  151  11:39  Command Center, Marauder x2, Marine x2  
  157  11:46  Marine  
  160  11:47  Marauder  
  160  11:50  Terran Infantry Armor Level 2, Terran Infantry Weapons Level 3  
  100  12:37  Marauder x3, Marine x6  
  86  12:38  Marauder, Marine x2  
  84  12:54  Marine  
  86  12:58  Marauder  
  86  12:59  Marauder x3  
  92  13:07  Missile Turret, Orbital Command  
  94  13:20  Marauder x3  
  94  13:23  Marine  
  94  13:24  Marauder, Marine x6  
  94  13:25  Marine  
  108  13:27  Viking  
  108  13:31  Starport Reactor  
  110  13:40  Terran Ship Weapons Level 1  
  112  13:41  Marauder x2, Marine x2  
  112  13:42  Marauder, Marine x5  
  112  13:44  SCV x4  
  112  13:45  Marauder  
  129  13:56  SCV x2  
  129  13:57  SCV x2  
  133  14:08  SCV x2  
  133  14:09  Marauder x3, Marine x5  
  148  14:10  Marauder  
  148  14:13  Viking  
  150  14:34  Sensor Tower  
  150  14:40  Command Center  
  150  14:41  Marauder x3, Marine x5  
  150  14:42  Marauder, Marine x3  
  166  14:51  Viking x3  
  172  14:52  Viking  
  172  14:59  Marine  
  175  15:00  Marine x3  
  175  15:01  Marine x4  
  175  15:03  Marauder x4  
  190  15:20  Marine x4  
  194  15:21  Marine  
  194  15:22  Marine  
  194  15:23  Ghost, Marine x2  
  200  15:33  Missile Turret  
Tags
 
Add a new tag
Caveats
  • Supply blocks, unpowered buildings, or Contaminate may cause inaccurate times.
  • Supply counts are checked every 10 seconds.